 Dungeon Crawl Stone Soup version 0.19.0-24-gb05acd6 (webtiles) character file.

14934 Uller88 the Blocker (level 12, -6/144 (145) HPs)
             Began as a Formicid Fighter on Nov 13, 2016.
             Was a Follower of Uskayaw.
             Mangled by deifeln's ghost (17 damage)
             ... on level 12 of the Dungeon on Nov 21, 2016.
             The game lasted 00:38:05 (11132 turns).

Uller88 the Blocker (Formicid Fighter)             Turns: 11132, Time: 00:38:06

HP:   -6/144 (145)  AC: 26    Str: 27    XL:     12   Next: 51%
MP:   17/17         EV:  2    Int:  7    God:    Uskayaw [*.....]
Gold: 584           SH:  0    Dex: 13    Spells: 0 memorised, 11 levels left

rFire  . . .     SeeInvis .     b - +2 broad axe (freeze)
rCold  . . .     Gourm    .     (armour currently unavailable)
rNeg   + + +     Faith    +     c - +2 shield
rPois  +         Spirit   .     (helmet unavailable)
rElec  .         Reflect  .     (cloak currently unavailable)
rCorr  .         Harm     .     (gloves currently unavailable)
MR     +....                    (boots currently unavailable)
Stlth  ++........               n - amulet of faith
                                B - +4 ring of evasion
                                h - -2 ring of strength (curse)

@: confused, mighty, tree-form
A: permanent stasis, dig shafts and tunnels, four strong arms, (antennae 0)
a: Stomp, Renounce Religion


You were on level 12 of the Dungeon.
You worshipped Uskayaw.
Uskayaw was noncommittal.
You were not hungry.
You were a tree.
You visited 3 branches of the dungeon, and saw 15 of its levels.

You collected 584 gold pieces.

Inventory:

Hand Weapons
 a - a +1 war axe of freezing
 b - a +2 broad axe of freezing (weapon)
Armour
 c - a +2 shield (worn)
 j - +0 ice dragon scales
 o - a cursed -2 scale mail (melded)
 r - a +0 pair of boots (melded)
 u - a +3 chain mail
 w - a +1 pair of gloves (melded)
Jewellery
 h - a cursed -2 ring of strength (left branch)
 l - an uncursed ring of protection from magic
 n - an amulet of faith (around neck)
 q - an uncursed amulet of regeneration
 s - an uncursed ring of ice
 B - a +4 ring of evasion (right branch)
 D - an uncursed ring of positive energy
 E - an uncursed ring of ice
 L - an uncursed ring of protection from magic
Wands
 e - a wand of paralysis (5/24)
 g - a wand of acid (7/15)
Scrolls
 t - 5 scrolls of amnesia
 v - 3 scrolls of fog
 K - a scroll of magic mapping
 O - a scroll of torment
 S - a scroll of enchant armour
Potions
 k - 3 potions of lignification
 m - 4 potions of curing
 z - a potion of flight
 G - a potion of brilliance
 J - 2 potions of mutation
Comestibles
 f - 5 bread rations
 i - 7 fruits
 C - 5 meat rations
 F - 3 slices of pizza
 I - 9 beef jerkies


   Skills:
 + Level 10.2 Fighting
 + Level 9.1 Axes
 + Level 10.0 Armour
 - Level 7.8 Stealth
 + Level 10.8 Shields
 + Level 7.8 Invocations


You had 11 spell levels left.
You didn't know any spells.

Dungeon Overview and Level Annotations

Branches:
Dungeon (13/15)            Temple (1/1) D:7            Lair (1/6) D:8
    Orc: D:9-12      Vaults: D:13-14

Altars:
Ashenzari
Cheibriados
Dithmenos
Elyvilon
Fedhas
Gozag
Hepliaklqana
Kikubaaqudgha
Makhleb
Nemelex Xobeh
Okawaru
Qazlal
Ru
Sif Muna
Trog
Uskayaw
Vehumet
Xom
Yredelemnul
Zin
The Shining One

Shops:
D:5 :

Annotations:
D:12 anubisbafoobis's ghost, journeyman DDFi; deifeln's ghost, journeyman OgHu


Innate Abilities, Weirdness & Mutations

You are under a permanent stasis effect.
You can dig through walls and to a lower floor.
Your four strong arms can wield two-handed weapons with a shield.
((You have a pair of large antennae on your head. (SInv)))


Message History

Anubisbafoobis's ghost hits you!
* * * LOW HITPOINT WARNING * * *
You barely miss anubisbafoobis's ghost.
Anubisbafoobis's ghost is heavily damaged.
Anubisbafoobis's ghost hits you but does no damage.
Deifeln's ghost hits you but does no damage.
You are confused.
You feel invigorated.
Anubisbafoobis's ghost says, "Are you sure you're pointing that wand in the right direction?"
Anubisbafoobis's ghost hits you but does no damage.
Deifeln's ghost hits you.
* * * LOW HITPOINT WARNING * * *
Deifeln's ghost freezes you.
* * * LOW HITPOINT WARNING * * *
You cannot move. (Use ctrl+direction to attack without moving.)
You cannot move. (Use ctrl+direction to attack without moving.)
You miss deifeln's ghost. You barely miss anubisbafoobis's ghost.
Anubisbafoobis's ghost hits you but does no damage.
Deifeln's ghost hits you!
You die...

..>#.#.#......# #...# #.
##.#.#.#......#. .######.### #.
...#.#....#.#.#.......##.# #.
...#.####.#.#.#.......##.# #.
........#.#.#.#.>.$...##.# #.
##.#.#....#.#.#....... #.# #.
........#.#.#.#..... #.# #.
###...#####.#.#.#W# #.# #.
...............W♣.# #.# #.
###...#####.#.#.##### #.# #.
..#.......#.#.#.....# #.#######.
#.#...........#.....# #.........
#.#.##...######....(###########..
#.............#.#####)...........
#...##...####.#.....(..)..#####.#
............................# #.#
.#...#..........#########.#.# #.#


You could see anubisbafoobis's ghost and deifeln's ghost.

Vanquished Creatures
  The ghost of thelaststarmaker the Nimble, a novice DsBe of Trog (D:8)
  An unseen horror (D:10)
  A hill giant (D:11)
  Pikel (D:4)
  3 cyclopes
  An ugly thing (D:11)
  An elephant (D:8)
  A centaur zombie (D:11)
  Maurice (D:11)
  A troll (D:10)
  A hornet (D:12)
  2 two-headed ogres
  2 hippogriffs
  5 slime creatures (D:11)
  Sigmund (D:2)
  4 yaks (D:11)
  2 hungry ghosts (D:11)
  3 wyverns
  Menkaure (D:7)
  2 water moccasins (D:8)
  Edmund (D:6)
  2 orc warriors
  5 ice beasts
  3 slaves (D:4)
  A sky beast (D:8)
  A black bear (D:9)
  3 phantoms
  3 necrophages
  7 ogres
  2 eyes of draining
  7 centaurs
  4 big kobolds
  6 bullfrogs
  A wyvern zombie (D:10)
  2 scorpions (D:6)
  A wyvern skeleton (D:10)
  12 killer bees
  6 howler monkeys
  6 crimson imps
  2 bullfrog zombies (D:9)
  2 centaur skeletons
  4 bullfrog skeletons
  3 orc priests
  6 hounds
  A quasit (D:11)
  4 gnoll shamans (D:3)
  7 jellies
  6 orc wizards
  6 iguanas
  9 worker ants
  A killer bee zombie (D:8)
  A hound zombie (D:10)
  3 hound skeletons
  A howler monkey zombie (D:7)
  38 gnolls
  A howler monkey skeleton (D:9)
  11 adders
  A shadow imp (D:10)
  3 oozes
  2 adder skeletons
  2 worms
  2 dart slugs
  6 leopard geckos
  47 orcs
  7 bats
  7 giant cockroaches
  9 goblins
  9 hobgoblins
  36 jackals
  5 quokkas
  2 ball pythons
  8 frilled lizards
  26 kobolds
  6 rats
  A plant (D:3)
393 creatures vanquished.

Notes
Turn   | Place    | Note
-------+----------+-------------------------------------------
     0 | D:1      | Uller88 the Formicid Fighter began the quest for the Orb.
     0 | D:1      | Reached XP level 1. HP: 18/18 MP: 1/1
    60 | D:1      | Reached XP level 2. HP: 24/24 MP: 2/2
   304 | D:1      | Reached skill level 1 in Stealth
   304 | D:1      | Reached XP level 3. HP: 26/30 MP: 3/3
   844 | D:2      | Noticed Sigmund
   855 | D:2      | Reached XP level 4. HP: 31/37 MP: 4/4
   858 | D:2      | Killed Sigmund
   858 | D:2      | Reached XP level 5. HP: 28/43 MP: 5/5
   858 | D:2      | Reached XP level 6. HP: 32/49 MP: 6/6
  1239 | D:3      | Noticed an eye of draining
  1253 | D:3      | Killed an eye of draining
  1258 | D:3      | Found a bloodstained altar of Trog.
  1369 | D:3      | Found an ancient bone altar of Kikubaaqudgha.
  1755 | D:3      | Reached skill level 5 in Shields
  1870 | D:3      | Reached XP level 7. HP: 53/55 MP: 7/7
  1955 | D:3      | Reached skill level 5 in Fighting
  2029 | D:3      | Reached XP level 8. HP: 34/63 MP: 8/8
  2192 | D:3      | Reached skill level 5 in Armour
  2192 | D:3      | Reached skill level 5 in Stealth
  2581 | D:4      | Noticed Pikel
  2611 | D:4      | HP: 3/64 [Pikel/whip of flaming (3)]
  2612 | D:4      | HP: 1/96 [slave[Pikel] (4)]
  2622 | D:4      | Killed Pikel
  2622 | D:4      | Reached XP level 9. HP: 10/70 MP: 9/9
  2626 | D:4      | Reached skill level 5 in Axes
  3086 | D:5      | Entered Level 5 of the Dungeon
  3324 | D:5      | Found Yfaekh's Book Shop.
  3618 | D:5      | Upgraded the game from 0.19.0-19-g8c6edcc to 0.19.0-20-gbc5f0c6
  3654 | D:6      | Noticed Edmund
  3678 | D:6      | Killed Edmund
  4330 | D:6      | Identified a -1 rod of ignition (10/10) (You found it on level 6 of the Dungeon)
  4369 | D:7      | Found a staircase to the Ecumenical Temple.
  4394 | Temple   | Entered the Ecumenical Temple
  4620 | Temple   | Became a worshipper of Uskayaw the Reveler
  4681 | D:7      | Reached * piety under Uskayaw
  4683 | D:7      | Reached ** piety under Uskayaw
  4727 | D:7      | Noticed Menkaure
  4734 | D:7      | Reached *** piety under Uskayaw
  4736 | D:7      | Killed Menkaure
  4736 | D:7      | Reached XP level 10. HP: 79/79 MP: 10/10
  4740 | D:7      | Reached **** piety under Uskayaw
  4899 | D:7      | Reached skill level 1 in Invocations
  5362 | D:8      | Noticed thelaststarmaker's ghost (novice DsBe)
  5396 | D:8      | Killed thelaststarmaker's ghost
  5792 | D:8      | Found a shadowy altar of Dithmenos.
  5792 | D:8      | Found an opulent altar of Gozag.
  5793 | D:8      | Found a snail-covered altar of Cheibriados.
  5794 | D:8      | Found a sacrificial altar of Ru.
  5947 | D:8      | Found a staircase to the Lair.
  5947 | D:8      | Noticed an elephant
  5960 | D:8      | Killed an elephant
  5967 | D:8      | Reached ***** piety under Uskayaw
  5974 | D:8      | Reached ****** piety under Uskayaw
  6170 | D:8      | Reached XP level 11. HP: 68/86 MP: 14/14
  6914 | D:8      | Found a deep blue altar of Sif Muna.
  6915 | D:8      | Upgraded the game from 0.19.0-20-gbc5f0c6 to 0.19.0-24-gb05acd6
  7006 | Lair:1   | Entered Level 1 of the Lair of Beasts
  7127 | D:9      | Noticed an angel
  7128 | D:9      | Found a glowing silver altar of Zin.
  7162 | D:9      | Reached skill level 5 in Invocations
  8012 | D:10     | Entered Level 10 of the Dungeon
  8741 | D:10     | Noticed an unseen horror
  8747 | D:10     | Killed an unseen horror
  8823 | D:11     | Reached skill level 10 in Shields
  8881 | D:11     | Noticed a cyclops
  8890 | D:11     | Killed a cyclops
  9374 | D:11     | Reached XP level 12. HP: 56/95 MP: 17/17
 10140 | D:11     | Reached skill level 10 in Fighting
 10298 | D:11     | Noticed Maurice
 10307 | D:11     | Killed Maurice
 10482 | D:13     | Noticed a centaur warrior
 10511 | D:12     | Reached skill level 10 in Armour
 11093 | D:12     | Noticed anubisbafoobis's ghost (journeyman DDFi)
 11124 | D:12     | Noticed deifeln's ghost (journeyman OgHu)
 11124 | D:12     | Identified a scroll of acquirement
 11129 | D:12     | HP: 4/144 [anubisbafoobis's ghost (12)]
 11132 | D:12     | Mangled by deifeln's ghost

Skill      XL: |  1  2  3  4  5  6  7  8  9 10 11 12 |
---------------+-------------------------------------+-----
Stealth        | 1 2 3 4 5 7 |  7.8
Fighting       | 4 5 6 7 8 9 10 | 10.2
Axes           | 3 4 6 7 8 9 |  9.1
Armour         | 4 5 6 8 9 10 | 10.0
Shields        | 4 5 6 7 9 10 | 10.8
Invocations    | 4 6 7 |  7.8

Action                   |  1- 3 |  4- 6 |  7- 9 | 10-12 || total
-------------------------+-------+-------+-------+-------++-------
Melee: War axe           |   114 |   124 |   485 |   657 ||  1380
       Broad axe         |       |       |       |     3 ||     3
Invok: Stomp             |       |       |       |     5 ||     5
       Line Pass         |       |       |       |     1 ||     1
  Use: Scroll            |     5 |     1 |     9 |    11 ||    26
       Potion            |       |       |     5 |     5 ||    10
 Stab: Sleeping          |       |       |     5 |     8 ||    13
       Paralysed         |       |       |     2 |    68 ||    70
       Distracted        |       |       |       |     2 ||     2
  Eat: Chunk             |       |     4 |     8 |    11 ||    23
       Bread ration      |       |       |     1 |     2 ||     3
       Beef jerky        |       |       |       |     1 ||     1
       Fruit             |       |       |       |     2 ||     2
Armor: Scale mail        |    46 |       |       |   134 ||   180
       Ice dragon scales |     4 |    63 |   230 |       ||   297
       Skin              |       |       |    20 |    15 ||    35
Dodge: Dodged            |    23 |    45 |   181 |   273 ||   522
Block: Shield            |    65 |    87 |   366 |   443 ||   961
